Unix NetHack Version 5.0.0-0 post-release - last build May 17 2026 04:57:42 (dc50c8380fa5e20985bfe3072449f57b8d9895ef,branch:main).

Game began 2026-05-20 19:18:50, ended 2026-05-20 20:41:35.

ArrBianca, lawful female dwarven Archeologist

            !..
       ---  q@.
    ----.-- -..
    |.....| |..H
    |....----[.
    |.---|.....
    ..---|.----
    .....|.--
    ........-
    ..-----..
    ---

ArrBianca the Investigator  St:17 Dx:12 Co:13 In:16 Wi:14 Ch:8  Lawful
Dlvl:10 $:292 HP:0(68) Pw:19(19) AC:6  Xp:7 T:5875 

Latest messages:
 The goblin throws a crude dagger!
 A crude dagger misses you.
 You kill the goblin!
 You hear crashing rock.
 You swap places with the peaceful gnome.
 You see here 9 rocks.
 You find a teleportation trap.
 You are carrying too much to get through.
 You stop.  The gnome lord is in the way!
 You hear some noises in the distance.
 You step onto a level teleport trap!
 You feel disoriented.
 You materialize on a different level!
 In what direction? <space>
 Never mind.
 In what direction? <space>
 Never mind.
 You feel less confused now.
 The gnome mummy hits!
 You lash the gnome mummy.
 You feel more confident in your weapon skills.
 You lash the gnome mummy.
 The gnome mummy hits!
 You are now most skilled in whip.
 You lash the gnome mummy!
 You destroy the gnome mummy!
 Welcome to experience level 7.
 You see here a mummy wrapping.
 You hear a slurping sound.
 The gnome lord deliberately jumps onto a hidden trap!
 The gnome lord turns into a stone giant!
 The leocrotta hits!
 The leocrotta bites!
 The leocrotta hits!
 Pick a monster, object or location.
 q        a quadruped (leocrotta) [seen: normal vision, infravision]
 You lash the leocrotta!
 You lash the leocrotta!
 The leocrotta hits!
 The leocrotta bites!
 The leocrotta hits!
 The leocrotta hits!
 The leocrotta bites!
 The leocrotta hits!
 You die...
 Do you want your possessions identified? [ynq] (y) y
 Do you want to see your attributes? [ynq] (y) y
 Do you want an account of creatures vanquished? [ynaq] (y) y
 Do you want to see your conduct and achievements? [ynq] (y) y
 Do you want to see the dungeon overview? [ynq] (y) q

Inventory:
 Coins    ('$')
  $ - 292 gold pieces
 Weapons  (')')
  z - 7 +1 darts
  o - 3 +0 darts (at the ready)
  A - 7 cursed -3 darts
  a - a burnt +2 bullwhip (weapon in right hand)
 Armor    ('[')
  c - an uncursed +0 fedora (being worn)
  s - an uncursed +0 pair of leather gloves (being worn)
  B - a blessed +0 studded leather armor (being worn)
 Comestibles  ('%')
  d - 3 uncursed food rations
  l - an uncursed homemade tin of jackal meat
  n - an uncursed homemade tin of kobold shaman meat
 Scrolls  ('?')
  y - a cursed scroll of amnesia
  t - 3 uncursed scrolls of blank paper
  u - 2 cursed scrolls of blank paper
  G - 2 cursed scrolls of confuse monster
  D - an uncursed scroll of create monster
  H - an uncursed scroll of enchant armor
  r - an uncursed scroll of enchant weapon
  p - a blessed scroll of light
  m - an uncursed scroll of light
  Z - an uncursed scroll of teleportation
 Potions  ('!')
  Q - 2 uncursed potions of healing
  k - a cursed potion of invisibility
  w - an uncursed potion of speed
  F - 2 potions of holy water
 Wands    ('/')
  S - a wand of lightning (0:8)
  v - a wand of magic missile (0:7)
 Tools    ('(')
  h - an empty uncursed sack
  i - a magic marker (0:21)
  L - an uncursed skeleton key
  f - a tinning kit (0:18)
  j - an uncursed towel
 Gems/Stones  ('*')
  x - an uncursed luckstone
  g - an uncursed touchstone

ArrBianca the Archeologist's attributes:

Background:
 You were an Investigator, a level 7 female dwarven Archeologist.
 You were lawful, on a mission for Quetzalcoatl
 who was opposed by Camaxtli (neutral) and Huhetotl (chaotic).
 You were right-handed.
 You were in the Gnomish Mines, on level 10.
 You entered the dungeon 5875 turns ago.
 You had 665 experience points, 615 more were needed to attain level 8.

Basics:
 You had 0 out of 68 hit points.
 You had all 19 energy points (spell power).
 Your armor class was 6.
 Your wallet contained 292 zorkmids.
 Autopickup was on for '$?!/="+%' plus thrown, with exceptions.

Final Characteristics:
 Your strength was 17 (limit:18/100).
 Your dexterity was 12 (limit:20).
 Your constitution was 13 (limit:20).
 Your intelligence was 16 (limit:16).
 Your wisdom was 14 (limit:16).
 Your charisma was 8 (limit:16).

Final Status:
 You weren't hungry.
 You were unencumbered.
 You were wielding a whip.
 You had expert skill with whip.

Final Attributes:
 You were piously aligned.
 You were telepathic.
 You had automatic searching.
 You had infravision.
 You were stealthy.
 You were warded.
 You were fast.
 You were lucky.
 You had extra luck.
 Bad luck did not time out for you.
 Good luck did not time out for you.
 You are dead.

Miscellaneous:
 You encountered 1 bones level.
 Total elapsed playing time was 1 hour, 18 minutes and 14 seconds.

Major events:
 Turn
    1: ArrBianca the lawful female dwarven Archeologist entered the dungeon
  508: attained the rank of Field Worker (level 3)
 1009: entered the Gnomish Mines
 2143: attained the rank of Investigator (level 6)
 4314: reached Mine Town
 4661: just blew up her bag of holding
 5875: killed by a leocrotta

You didn't know any spells.

Skills:
 Fighting Skills
   bare handed combat [Unskilled]
   two weapon combat  [Unskilled]
   riding             [Unskilled]
 Weapon Skills
   dagger             [Unskilled]
   knife              [Unskilled]
   pick-axe           [Basic]
   short sword        [Unskilled]
   saber              [Unskilled]
   club               [Unskilled]
   quarterstaff       [Unskilled]
   sling              [Unskilled]
   dart               [Unskilled]
   boomerang          [Unskilled]
   whip               [Expert]
   unicorn horn       [Unskilled]
 Spellcasting Skills
   attack spells      [Unskilled]
   healing spells     [Unskilled]
   divination spells  [Unskilled]
   matter spells      [Unskilled]

Voluntary challenges:
 Character rerolling was not enabled.
 You never genocided any monsters.
 You never polymorphed an object.
 You never changed form.
 You used no wishes.
Achievements:
 You entered a shop.
 You attained the rank of Field Worker.
 You entered the Gnomish Mines.
 You attained the rank of Investigator.
 You entered Minetown.
 You entered a temple.

 The Dungeons of Doom: levels 1 to 3
    Level 1:
    Level 2:
       An armor shop.
    Level 3:
       Some fountains, a sink.
       Stairs down to The Gnomish Mines.
 The Gnomish Mines: levels 4 to 10
    Level 4:
    Level 5:
       A grave.
       Final resting place for
          Japes-Val-Hum-Fem-Law, killed by a gnome lord.
    Level 6:
       Many shops, a temple and an altar to Quetzalcoatl, some fountains.
    Level 7:
    Level 8:
    Level 10: <- You were here.
       Final resting place for
          you, killed by a leocrotta.


Vanquished creatures:
  a ghost
  3 small mimics
  2 watchmen
  a leprechaun
  2 jaguars
  a raven
  a gnome mummy
  a rock piercer
  2 rock moles
  2 ponies
  5 fog clouds
  a shrieker
  6 gnome leaders
  3 gnomish wizards
  2 paper golems
  2 giant ants
  2 floating eyes
  2 kittens
  2 dwarves
  2 homunculi
  2 kobold shamans
 13 hill orcs
  a rothe
  a dwarf zombie
  5 iguanas
 an acid blob
  a hobbit
  3 giant rats
  a cave spider
  a brown mold
  2 yellow molds
  2 green molds
  a red mold
 22 gnomes
  4 garter snakes
  4 gnome zombies
  2 geckos
 15 jackals
  a fox
  a kobold
  a goblin
  a sewer rat
  9 grid bugs
  a bat
  6 lichens
  a kobold zombie
  5 newts
150 creatures vanquished.

No species were genocided or became extinct.

Game over:
                       ----------
                      /          \
                     /    REST    \
                    /      IN      \
                   /     PEACE      \
                  /                  \
                  |    ArrBianca     |
                  |      292 Au      |
                  |   killed by a    |
                  |    leocrotta     |
                  |                  |
                  |                  |
                  |       2026       |
                 *|     *  *  *      | *
        _________)/\\_//(\/(/\)/\//\/|_)_______

Goodbye ArrBianca the Archeologist...

You died in The Gnomish Mines on dungeon level 10 with 3433 points,
and 292 pieces of gold, after 5875 moves.
You were level 7 with a maximum of 68 hit points when you died.

